 Dungeon Crawl Stone Soup version 0.24-a0-584-g9d6b971ae4 (webtiles) character file.

Game seed: 15920373343023043812, levelgen mode: deterministic

1411 Mithandil the Slasher (level 8, -11/61 HPs)
             Began as a Demonspawn Abyssal Knight on Sept 3, 2019.
             Was a Priest of Lugonu.
             Killed by nerve-wracking pain
             ... invoked by Menkaure
              (12 damage)
             ... on level 6 of the Dungeon.
             The game lasted 00:30:23 (6062 turns).

Mithandil the Slasher (Demonspawn Abyssal Knight)   Turns: 6062, Time: 00:30:24

Health: -11/61     AC:  7    Str: 15    XL:     8   Next: 43%
Magic:  11/11      EV: 13    Int: 13    God:    Lugonu [***...]
Gold:   228        SH:  0    Dex: 13    Spells: 7/7 levels left

rFire    . . .     SeeInvis .   a - +4 falchion
rCold    . . .     Gourm    .   (no shield)
rNeg     . . .     Faith    .   p - +0 leather armour
rPois    .         Spirit   .   e - +2 helmet
rElec    .         Reflect  .   (no cloak)
rCorr    .         Harm     .   (no gloves)
MR       .....                  u - +0 pair of boots
Stlth    +++.......             (no amulet)
HPRegen  0.20/turn              (no ring)
MPRegen  0.12/turn              (no ring)

@: no status effects
A: claws 2, nightstalker 1, powered by pain 1
a: Depart the Abyss, Bend Space, Banish, Renounce Religion


You were on level 6 of the Dungeon.
You worshipped Lugonu.
Lugonu was most pleased with you.
You were not hungry.

You visited 1 branch of the dungeon, and saw 8 of its levels.
You visited the Abyss 1 time.

You collected 228 gold pieces.

Inventory:

Hand Weapons
 a - a +4 falchion (weapon)
 b - a +0 shortbow
 t - a +0 hunting sling
Missiles
 g - 9 curare-tipped darts
 j - 36 bolts
 k - 59 poisoned darts (quivered)
 l - 36 sling bullets
 r - 79 arrows
Armour
 e - a +2 helmet (worn)
 o - a +0 plate armour
 p - a +0 leather armour (worn)
 u - a +0 pair of boots (worn)
Scrolls
 d - 3 scrolls of amnesia
 f - 7 scrolls of identify
 q - a scroll of remove curse
 s - 4 scrolls of teleportation
Potions
 h - a potion of magic
 m - 3 potions of curing
 n - 2 potions of haste
Comestibles
 c - 9 rations
 i - 4 chunks of flesh


   Skills:
 + Level 4.6 Fighting
 * Level 5.1 Long Blades
 + Level 3.7 Armour
 + Level 3.4 Dodging
 + Level 3.4 Stealth
 + Level 2.9 Unarmed Combat
 + Level 5.1 Invocations


You had 7 spell levels left.
You didn't know any spells.
Your spell library was empty.

Dungeon Overview and Level Annotations

Branches:
Dungeon (8/15)             Temple (0/1) D:4
   Lair: D:8-11

Altars:
Elyvilon
Fedhas
Okawaru
Qazlal
Trog
Uskayaw
Wu Jian

Shops:
D:4 *   D:6 }*

Annotations:
D:6 Menkaure


Innate Abilities, Weirdness & Mutations

You have very sharp fingernails.
You are slightly more attuned to the shadows.
You sometimes gain a little power by taking damage.


Message History

Menkaure is heavily damaged.
Menkaure calls on the powers of darkness!
Your body is wracked with pain!
You hit Menkaure.
Menkaure is severely damaged.
Menkaure hits you.
You barely miss Menkaure.
Menkaure is severely damaged.
Menkaure completely misses you.
You barely miss Menkaure.
Menkaure is severely damaged.
You hit Menkaure but do no damage.
Menkaure is severely damaged.
Menkaure hits you!!
* * * LOW HITPOINT WARNING * * *
You hit Menkaure.
Menkaure is almost destroyed.
Menkaure points at you and mumbles some strange words.
Pain shoots through your body!
You die...

#.##....#.##.# #.# #....#
#.##.####.##.# #.# #.###. #.##.#
##.##.#####.###### #.# ##
#.##....#...............# #.# #
#.##.##............####.# #.#
#.##.##..###.###.#.# #.# #.#
#.##.#...###.###.#.# #.###.#
##....#.............####.....#
..............##@##.........###
##.#.###.......#M##.#######.##.##
.......##......#.##.# #.#.#.#
.....#..##[....#.##.# #..###.
.#.รท...#.##..###.##.#### #....##
..##.#..#.##.###.##....#####.#.#.
..##.......####....>....[..<....#
.....#.#.#.## #..#####.#######...
....#.......###..# #.# #.##


You could see Menkaure.

Vanquished Creatures
  A necrophage (D:7)
  2 ice beasts (D:6)
  2 ogres
  2 centaurs
  A centaur zombie (D:7)
  5 crimson imps
  3 hounds
  A jelly (D:3)
  A bullfrog skeleton (D:6)
  A centaur skeleton (D:4)
  An orc wizard (D:6)
  4 worker ants
  A hound zombie (D:6)
  A hound skeleton (D:7)
  A gnoll (D:2)
  10 adders
  3 shadow imps (D:5)
  2 adder skeletons
  An adder zombie (D:5)
  3 dart slugs
  3 leopard geckos
  9 orcs
  11 bats
  9 giant cockroaches
  7 goblins
  6 hobgoblins
  4 jackals (D:5)
  6 kobolds
  A quokka (D:6)
  2 ball pythons
  6 frilled lizards
  10 rats
120 creatures vanquished.

Vanquished Creatures (others)
  The ghost of hcgyg4s the Sneak, an amateur SpEn (D:4)
1 creature vanquished.

Grand Total: 121 creatures vanquished

Notes
Turn   | Place    | Note
-------+----------+-------------------------------------------
     0 | Abyss:1  | Mithandil the Demonspawn Abyssal Knight began the quest for
                  | the Orb.
     0 | Abyss:1  | Reached XP level 1. HP: 18/18 MP: 2/2
     3 | Abyss:1  | Found a corrupted altar of Lugonu.
    10 | Abyss:1  | Found a snail-covered altar of Cheibriados.
    96 | Abyss:1  | Noticed a ynoxinul
    97 | D:1      | Escaped the Abyss
   138 | D:1      | Reached skill level 1 in Dodging
   186 | D:1      | Reached * piety under Lugonu
   270 | D:1      | Gained mutation: You sometimes gain a little power by
                  | taking damage. [demonic ancestry]
   270 | D:1      | Reached XP level 2. HP: 24/24 MP: 3/3
   773 | D:1      | Gained mutation: You have sharp fingernails. [demonic
                  | ancestry]
   773 | D:1      | Reached XP level 3. HP: 29/29 MP: 5/5
  1091 | D:2      | Found a bloodstained altar of Trog.
  1091 | D:2      | Found a stormy altar of Qazlal.
  1211 | D:2      | Found an iron altar of Okawaru.
  1213 | D:2      | Reached ** piety under Lugonu
  1300 | D:2      | Found a blossoming altar of Fedhas.
  1305 | D:2      | Gained mutation: You are slightly more attuned to the
                  | shadows. [demonic ancestry]
  1305 | D:2      | Reached XP level 4. HP: 35/35 MP: 6/6
  1317 | D:2      | Found a white marble altar of Elyvilon.
  1461 | D:2      | Found a hide-covered altar of Uskayaw.
  1757 | D:3      | Reached skill level 1 in Stealth
  2007 | D:4      | Reached skill level 1 in Unarmed Combat
  2019 | D:4      | Found a runed translucent door.
  2022 | D:4      | Noticed hcgyg4s's ghost (amateur SpEn)
  2171 | D:3      | Reached XP level 5. HP: 33/41 MP: 7/7
  2238 | D:4      | Found Bofikili's Assorted Antiques.
  2459 | D:5      | Entered Level 5 of the Dungeon
  3295 | D:4      | Found a staircase to the Ecumenical Temple.
  3408 | D:5      | Noticed an ogre
  3454 | D:5      | Found an ornate altar of the Wu Jian Council.
  3454 | D:5      | Noticed a centaur
  3473 | D:5      | Gained mutation: You have very sharp fingernails. [demonic
                  | ancestry]
  3473 | D:5      | Reached XP level 6. HP: 5/47 MP: 8/8
  3798 | D:5      | Reached XP level 7. HP: 25/53 MP: 8/10
  4774 | D:5      | Reached *** piety under Lugonu
  5046 | D:4      | Banished hcgyg4s's ghost
  5373 | D:6      | Reached XP level 8. HP: 36/61 MP: 11/11
  5673 | D:6      | Found Ifaosk's Gadget Shop.
  5793 | D:6      | Found Haycza Imag's Lightly-Used Armoury.
  5816 | D:7      | Reached skill level 5 in Long Blades
  5816 | D:7      | Reached skill level 5 in Invocations
  6050 | D:6      | Noticed Menkaure
  6061 | D:6      | HP: 1/61 [Menkaure (21)]
  6062 | D:6      | Killed from afar by Menkaure

Levels and vault maps discovered:
D:1:      lightli_arrival_statue_moat, layout_basic
D:2:      layout_basic, nicolae_overflow_hidden_temple,
          grunt_temple_overflow_open, okawaru_altar_gauntlet_db,
          gammafunk_temple_overflow_pools, first_ration
D:3:      layout_basic, minmay_misc_feat_doors
D:4:      layout_rooms, minmay_temple_entry_nine_rooms, ebering_ghost_sewer_d,
          serial_shops, shop
D:5:      layout_basic, old_standard_altar
D:6:      layout_loops_ring, serial_shops, nicolae_shop_trees,
          hangedman_decor_opposing, minmay_shop_damaged, uniq_menkaure
D:7:      layout_basic, serial_curves, eino_curves_04, eino_curves_02,
          grunt_livestock, minmay_bent, uniq_harold, uniq_pikel
D:8:      layout_cave_pods

Skill      XL: |  1  2  3  4  5  6  7  8 |
---------------+-------------------------+-----
Dodging        | 1 2 3 |  3.4
Long Blades    | 2 3 4 5 |  5.1
Armour         | 2 3 |  3.7
Stealth        | 1 2 3 |  3.4
Unarmed Combat | 1 2 |  2.9
Invocations    | 3 4 5 |  5.1
Fighting       | 4 |  4.6

Action                   |  1- 3 |  4- 6 |  7- 9 || total
-------------------------+-------+-------+-------++-------
Melee: Falchion          |   109 |   118 |   154 ||   381
       Punch             |       |       |     2 ||     2
 Fire: Shortbow          |       |    12 |     7 ||    19
Invok: Depart the Abyss  |     1 |       |       ||     1
       Banish            |       |       |     1 ||     1
  Use: Scroll            |     7 |     7 |     3 ||    17
       Potion            |     5 |     5 |     1 ||    11
 Stab: Sleeping          |     1 |     8 |     4 ||    13
  Eat: Chunk             |     1 |     5 |     4 ||    10
       Ration            |       |     1 |     1 ||     2
Armor: Leather armour    |    45 |    47 |    50 ||   142
Dodge: Dodged            |    96 |   101 |   103 ||   300
       Rpst.: Falchion   |    26 |    34 |    34 ||    94

Table legend:
 A = Non-vault XP
 B = Vault XP
 C = Vault XP percentage of total XP
 D = Non-vault monster count
 E = Vault monster count
 F = Vault count percentage of total count
                 A         B        C        D         E       F
            +---------+---------+-------+---------+---------+-------
      Total |    1862 |     155 |   7.7 |     110 |      11 |   9.1
            +---------+---------+-------+---------+---------+-------
        D:1 |      40 |       0 |   0.0 |      23 |       0 |   0.0
        D:2 |      40 |      25 |  38.5 |      11 |       6 |  35.3
        D:3 |      90 |       0 |   0.0 |      21 |       0 |   0.0
        D:4 |     170 |      96 |  36.1 |      15 |       3 |  16.7
        D:5 |     589 |       0 |   0.0 |      21 |       0 |   0.0
        D:6 |     508 |       0 |   0.0 |      14 |       0 |   0.0
        D:7 |     425 |      34 |   7.4 |       5 |       2 |  28.6
            +---------+---------+-------+---------+---------+-------
